 Dungeon Crawl Stone Soup version 0.16-a0-702-gf4f471d (webtiles) character file.

448 Ratboiler the Changer (level 7, -2/43 HPs)
             Began as an Octopode Transmuter on Sept 20, 2014.
             Was an Initiate of Gozag.
             Slain by an ogre zombie (9 damage)
             ... on Level 5 of the Dungeon.
             The game lasted 00:13:27 (5786 turns).

Ratboiler the Changer (Octopode Transmuter)         Turns: 5786, Time: 00:13:27

HP  -2/43        AC  2     Str 11      XL: 7   Next:  4%
MP  12/14        EV 19     Int 16      God: Gozag
Gold 178         SH  0     Dex 17      Spells:  3 memorised,  6 levels left

rFire  . . .     SeeInvis .       - Unarmed
rCold  . . .     Clarity  .     g - melded +0 buckler
rNeg   . . .     rCorr    .     (helmet currently unavailable)
rPois  x         rRot     .     y - amulet of resist mutation
rElec  .         Spirit   .     (no ring)
SustAb .         Warding  .     (no ring)
rMut   +         Stasis   .     (no ring)
Gourm  .                        (no ring)
MR     .....                    (no ring)
                                (no ring)
                                (no ring)
                                (no ring)

@: spider-form, not resistant to hostile enchantments, unstealthy
A: almost no armour, amphibious, 8 rings, (constrict 8), (camouflage 0),
(gelatinous body 0)
a: End Transformation, Potion Petition, Call Merchant, Bribe Branch, Renounce
Religion


You were on level 5 of the Dungeon.
You worshipped Gozag.
Gozag was noncommittal.
You were not hungry.
You were in spider-form.
You visited 1 branch of the dungeon, and saw 5 of its levels.

You collected 279 gold pieces.
You paid 101 gold pieces to Gozag.

Inventory:

Missiles
 b - 29 arrows
 k - 12 poisoned needles
 t - 24 arrows of flame
Armour
 g - a +0 buckler (melded)
Magical devices
 o - a wand of flame (10)
 w - a wand of polymorph (13)
Comestibles
 a - 6 bread rations
Scrolls
 e - 2 scrolls of identify {unknown}
 h - 2 scrolls of immolation {unknown}
 i - 5 scrolls of teleportation {unknown}
 j - 3 scrolls of remove curse {unknown}
 n - 3 scrolls of enchant weapon {unknown}
 r - a scroll of fear {unknown}
 s - a scroll of noise {unknown}
 u - a scroll of recharging {unknown}
 v - 2 scrolls of magic mapping {unknown}
 x - a scroll of enchant armour {unknown}
Jewellery
 y - an amulet of resist mutation (around neck)
Potions
 c - 2 potions of flight {unknown}
 f - 2 potions of might {unknown}
 l - 2 potions of degeneration {unknown}
 m - 2 potions of restore abilities {unknown}
 p - 5 potions of curing {unknown}
 q - a potion of agility {unknown}
Books
 d - a book of Changes

   Spells                             Type                      Level
   *Beastly Appendage                 Transmutation                1
   *Sticks to Snakes                  Transmutation                2
   *Spider Form                       Transmutation/Poison         3
   Ice Form                           Ice/Transmutation            4
   Blade Hands                        Transmutation                5


   Skills:
 - Level 1.0 Fighting
 - Level 2.0 Dodging
 - Level 3.0 Unarmed Combat
 + Level 3.1 Spellcasting
 - Level 6.8 Transmutations


You had 6 spell levels left.
You knew the following spells:

 Your Spells              Type           Power        Failure   Level  Hunger
a - Beastly Appendage     Trmt           ###...       6%          1    None
b - Sticks to Snakes      Trmt           ###.......   6%          2    ##.....
c - Spider Form           Trmt/Pois      ##........   32%         3    ###....


Dungeon Overview and Level Annotations

Branches:
Dungeon (5/15)
 Temple: D:4-7

Altars:
Fedhas
Gozag
Kikubaaqudgha
Sif Muna

Shops:
D:4 }


Innate Abilities, Weirdness & Mutations

You cannot wear most types of armour.
You are amphibious.
You can wear up to eight rings at the same time.
((You can use your tentacles to constrict many enemies at once.))
((Your skin changes colour to match your surroundings (Stealth).))
((Your rubbery body absorbs attacks (AC +1).))


Message History

You are too injured to fight recklessly!
You are too injured to fight recklessly!
You barely miss the hobgoblin. The ogre zombie barely misses you.
The hobgoblin completely misses you.
You hit the hobgoblin.
The hobgoblin is poisoned.
The hobgoblin is severely wounded.
The hobgoblin closely misses you. The ogre zombie hits you!
You bite the hobgoblin!
You kill the hobgoblin!
The ogre zombie closely misses you.
Things that are here:
7 gold pieces; a club Unknown command.
The ogre zombie hits you!
* * * LOW HITPOINT WARNING * * *
Things that are here:
7 gold pieces; a club You bite the ogre zombie!
The ogre zombie hits you!
You die...
Your body crumbles into a pile of gold.

##.#.#####.# #.#
...#.......# #.#
############ #.# .......#
#######.## .......#
.........## .......#
#........# .......#
#........# .......#
##.#..Z..# .......#
#...#s...# .......#
#........## .#
.......##......#.....# .#
#########....#####...####.#
##########...............#
##.............#...#......##
.......# # ........#.......#
....<..# .(.#.#.##.#....#
.......# .......#...#...#


You could see an ogre zombie.

Vanquished Creatures
  An ogre (D:5)
  A crimson imp (D:5)
  A hound (D:3)
  An orc priest (D:4)
  2 iguanas
  A worker ant (D:4)
  7 adders
  A giant mite (D:2)
  2 worms
  3 giant geckos
  3 orcs (D:4)
  A ball python (D:3)
  6 giant cockroaches
  10 goblins
  11 hobgoblins
  2 jackals (D:2)
  4 kobolds
  A quokka (D:3)
  7 bats
  3 giant newts
  A kobold zombie (D:5)
  2 orc skeletons
  10 rats
  A rat skeleton (D:5)
82 creatures vanquished.

Vanquished Creatures (collateral kills)
  Blork the orc (D:5)
  An ogre skeleton (D:4)
  An orc (D:4)
3 creatures vanquished.

Vanquished Creatures (others)
  An adder (D:5)
  A goblin (D:5)
  A kobold (D:5)
3 creatures vanquished.

Grand Total: 88 creatures vanquished

Notes
Turn   | Place    | Note
--------------------------------------------------------------
     0 | D:1      | Ratboiler, the Octopode Transmuter, began the quest for the Orb.
     0 | D:1      | Reached XP level 1. HP: 13/13 MP: 3/3
   325 | D:1      | Reached XP level 2. HP: 13/18 MP: 4/4
   366 | D:1      | Learned a level 2 spell: Sticks to Snakes
  1279 | D:2      | Reached XP level 3. HP: 10/23 MP: 3/6
  1646 | D:2      | Reached skill level 4 in Transmutations
  2424 | D:3      | Reached XP level 4. HP: 12/28 MP: 5/7
  2447 | D:3      | Learned a level 3 spell: Spider Form
  2786 | D:3      | Found a blossoming altar of Fedhas.
  3459 | D:3      | Reached skill level 5 in Transmutations
  3459 | D:3      | Reached XP level 5. HP: 22/33 MP: 5/9
  3952 | D:4      | Found an ancient bone altar of Kikubaaqudgha.
  4161 | D:4      | Found Eguu's Gadget Shop.
  4354 | D:4      | Reached skill level 6 in Transmutations
  4354 | D:4      | Reached XP level 6. HP: 32/38 MP: 0/10
  4919 | D:4      | Found an opulent altar of Gozag.
  4924 | D:4      | Became a worshipper of Gozag Ym Sagoz the Greedy
  5163 | D:5      | Entered Level 5 of the Dungeon
  5177 | D:5      | Noticed Blork the orc
  5306 | D:5      | Killed Blork the orc
  5313 | D:5      | Found a deep blue altar of Sif Muna.
  5711 | D:5      | Reached XP level 7. HP: 41/43 MP: 9/14
  5786 | D:5      | Slain by an ogre zombie

Action                   |  1- 3 |  4- 6 |  7- 9 || total
-------------------------+-------+-------+-------++-------
Melee: Unarmed           |    81 |   135 |    14 ||   230
 Cast: Beastly Appendage |     8 |     5 |       ||    13
       Spider Form       |       |    14 |     2 ||    16
       Sticks to Snakes  |       |     5 |       ||     5
Evoke: Wand              |     1 |     1 |       ||     2
  Use: Potion            |       |     1 |       ||     1
 Stab: Sleeping          |     2 |       |       ||     2
  Eat: Chunk             |     3 |     7 |       ||    10
       Pizza             |     1 |     1 |       ||     2
       Beef jerky        |       |     1 |       ||     1
       Bread ration      |       |     1 |       ||     1
       Fruit             |       |     1 |       ||     1
